 Dungeon Crawl Stone Soup version 0.28.0-49-g6dfe1f597d (webtiles) character file.

Game seed: 752653816648922679

97 kommiami the Shield-Bearer (level 4, -12/41 HPs)
             Began as a Gnoll Fighter on May 18, 2022.
             Killed by divine providence
             ... invoked by an orc priest
              (16 damage)
             ... on level 3 of the Dungeon.
             The game lasted 00:25:51 (2469 turns).

kommiami the Shield-Bearer (Gnoll Fighter)          Turns: 2469, Time: 00:25:51

Health: -12/41     AC:  9    Str: 17    XL:     4   Next: 68%
Magic:  5/5        EV:  9    Int:  8    God:
Gold:   156        SH:  5    Dex: 11    Spells: 5/5 levels left

rFire   . . .      SeeInvis .   K - +1 war axe (venom)
rCold   . . .      Faith    .   c - +0 buckler
rNeg    . . .      Spirit   .   b - +0 scale mail
rPois   .          Reflect  .   (no helmet)
rElec   .          Harm     .   (no cloak)
rCorr   .          Rampage  .   o - +0 pair of gloves
Will    .....                   (no boots)
Stlth   ..........              (no amulet)
HPRegen 0.13/turn               (no ring)
MPRegen 0.09/turn               (no ring)

@: no status effects
A: fangs 1, strong nose, distributed training
a: no special abilities


You were on level 3 of the Dungeon.
You visited 1 branch of the dungeon, and saw 3 of its levels.

You collected 156 gold pieces.

Inventory:

Hand Weapons
 a - a +0 rapier
 e - a +0 rapier
 f - a +0 club
 h - a +0 dagger
 i - a +0 club
 k - a +0 dagger
 m - a +0 club
 n - a +0 club
 p - a +0 club
 r - a +0 club
 s - a +0 whip
 t - a +0 dagger
 v - a +0 short sword
 x - a +0 club
 A - a +0 dagger
 B - a +0 dagger
 D - a +0 whip
 E - a +0 club
 H - a +0 club
 K - a +1 war axe of venom (weapon)
 L - a +0 hunting sling
 M - a +0 club
 N - a +0 short sword
 O - a +0 dagger
 P - a +0 club
Missiles
 u - 21 stones (quivered)
 C - 21 arrows
 J - 13 sling bullets
Armour
 b - a +0 scale mail (worn)
 c - a +0 buckler (worn)
 j - a +0 ring mail
 o - a +0 pair of gloves (worn)
 q - a +0 ring mail
 y - a +0 robe
Scrolls
 l - a scroll of enchant weapon {unknown}
 w - 3 scrolls of identify {unknown}
 z - 2 scrolls of torment {unknown}
 G - a scroll of fear {unknown}
 I - a scroll of blinking {unknown}
Potions
 d - a potion of might
 g - a potion of cancellation {unknown}
 F - a potion of mutation {unknown}


   Skills:
 + Level 6.6 Fighting
 + Level 4.7 Short Blades
 + Level 1.2 Long Blades
 + Level 1.2 Axes
 + Level 1.2 Maces & Flails
 + Level 1.2 Polearms
 + Level 1.2 Staves
 + Level 1.2 Slings
 + Level 1.2 Bows
 + Level 1.2 Crossbows
 + Level 1.2 Throwing
 + Level 6.6 Armour
 + Level 1.2 Dodging
 + Level 1.2 Stealth
 + Level 6.6 Shields
 + Level 1.2 Unarmed Combat
 + Level 1.2 Spellcasting
 + Level 1.0 Conjurations
 + Level 1.0 Hexes
 + Level 1.0 Summonings
 + Level 1.0 Necromancy
 + Level 1.0 Translocations
 + Level 1.0 Transmutations
 + Level 1.0 Fire Magic
 + Level 1.0 Ice Magic
 + Level 1.0 Air Magic
 + Level 1.0 Earth Magic
 + Level 1.0 Poison Magic
 + Level 1.3 Invocations
 + Level 1.2 Evocations


You had 5 spell levels left.
You didn't know any spells.
Your spell library was empty.

Dungeon Overview and Level Annotations

Branches:
Dungeon (3/15)

Altars:
Qazlal
Wu Jian
Yredelemnul

Shops:
D:2 =

Annotations:
D:3 2 runed translucent doors


Innate Abilities, Weirdness & Mutations

You have very sharp teeth.
Your uncanny sense of smell can sniff out nearby items.
Your experience applies equally to all skills.


Message History

An orc comes into view. It is wielding a +0 short sword.
The orc hits you but does no damage.
You slash the orc!
The orc is almost dead.
You block the orc's attack.
The orc shouts!
You hit the orc.
You kill the orc!
An orc comes into view. It is wielding a +0 club.
An orc comes into view. It is wielding a +0 hand axe.
The orc shouts!
You see here a +0 club.
P - a +0 club An orc priest comes into view.
It is wielding a +0 club.
The orc priest invokes the aid of Beogh against you.
Beogh smites you!
You slash the orc!
You kill the orc!
You closely miss the orc. You slash the orc!
You kill the orc!
The orc hits you but does no damage.
You barely miss the orc. You block the orc's attack.
You closely miss the orc priest. You hit the orc but do no damage.
The orc is poisoned.
The orc hits you with a +0 hand axe.
The orc priest mumbles some strange prayers to Beogh against you.
Beogh smites you! The orc hits you but does no damage.
You hit the orc priest.
The orc priest is poisoned.
The orc priest is moderately wounded.
You hit the orc but do no damage.
The orc priest calls down the wrath of Beogh upon you.
Pain shoots through your body!
* * * LOW HITPOINT WARNING * * *
The orc hits you but does no damage. You block the orc priest's attack.
You kill the orc!
You closely miss the orc priest.
The orc priest is moderately wounded.
The orc priest calls down the wrath of Beogh upon you.
Beogh smites you!
You die...

#..§§§.§.≈.....§...
##.§§≈§≈§§§≈≈≈.≈..#
#§§§≈_≈.≈...≈.≈..#
#.≈§§§≈.≈.§§≈.≈..#
#.≈§§§..§.§_≈.≈..#
#.≈§§≈≈≈≈.≈≈≈.≈..#
#.≈.§...≈§§...≈..#
#.≈≈§≈≈.≈≈§§≈§≈).#
#............@o).#
###########......#
########


You could see an orc priest (very poisoned).

Vanquished Creatures
  An adder (D:2)
  A worm (D:2)
  A dart slug (D:1)
  4 orcs (D:3)
  6 ball pythons
  2 bats
  8 endoplasms
  4 giant cockroaches
  4 hobgoblins
  2 jackals (D:2)
  6 kobolds
  8 quokkas
  7 frilled lizards
  12 goblins
  2 rats
68 creatures vanquished.

Notes
Turn   | Place    | Note
-------+----------+-------------------------------------------
     0 | D:1      | kommiami the Gnoll Fighter began the quest for the Orb.
     0 | D:1      | Reached XP level 1. HP: 23/23 MP: 1/1
   111 | D:1      | Reached XP level 2. HP: 29/29 MP: 2/2
   346 | D:1      | Reached XP level 3. HP: 31/35 MP: 3/3
  1071 | D:1      | Found a faded altar of an unknown god.
  1087 | D:1      | Reached skill level 1 in Invocations
  1596 | D:2      | Reached skill level 1 in Long Blades
  1596 | D:2      | Reached skill level 1 in Axes
  1596 | D:2      | Reached skill level 1 in Maces & Flails
  1596 | D:2      | Reached skill level 1 in Polearms
  1596 | D:2      | Reached skill level 1 in Staves
  1596 | D:2      | Reached skill level 1 in Slings
  1596 | D:2      | Reached skill level 1 in Bows
  1596 | D:2      | Reached skill level 1 in Crossbows
  1596 | D:2      | Reached skill level 1 in Throwing
  1596 | D:2      | Reached skill level 1 in Dodging
  1596 | D:2      | Reached skill level 1 in Stealth
  1596 | D:2      | Reached skill level 1 in Unarmed Combat
  1596 | D:2      | Reached skill level 1 in Spellcasting
  1596 | D:2      | Reached skill level 1 in Evocations
  1654 | D:2      | Reached XP level 4. HP: 33/41 MP: 5/5
  2001 | D:2      | Found Wezeugh's Jewellery Shop.
  2322 | D:3      | Found an ornate altar of the Wu Jian Council.
  2364 | D:3      | Found a large runed translucent door.
  2365 | D:3      | Found a large runed translucent door.
  2376 | D:3      | Found a stormy altar of Qazlal.
  2392 | D:3      | Found a basalt altar of Yredelemnul.
  2400 | D:3      | Reached skill level 1 in Conjurations
  2400 | D:3      | Reached skill level 1 in Hexes
  2400 | D:3      | Reached skill level 1 in Summonings
  2400 | D:3      | Reached skill level 1 in Necromancy
  2400 | D:3      | Reached skill level 1 in Translocations
  2400 | D:3      | Reached skill level 1 in Transmutations
  2400 | D:3      | Reached skill level 1 in Fire Magic
  2400 | D:3      | Reached skill level 1 in Ice Magic
  2400 | D:3      | Reached skill level 1 in Air Magic
  2400 | D:3      | Reached skill level 1 in Earth Magic
  2400 | D:3      | Reached skill level 1 in Poison Magic
  2469 | D:3      | Killed from afar by an orc priest

Illustrated notes

Levels and vault maps discovered:
D:1:      dpeg_arrival_round_a, layout_loops_ring,
          shapermc_ecumenical_altar_notcrosses
D:2:      kennysheep_six_static_rooms, layout_loops_ring, serial_shops,
          nicolae_shop_stone
D:3:      layout_rooms, mainiacjoe_overflow_six_doors_small,
          mainiacjoe_overflow_catwalk_spiral, serial_shops, nicolae_square_shop,
          ebering_ghost_disaster_area

Skill      XL: |  1  2  3  4 |
---------------+-------------+-----
Invocations    | 1 |  1.3
Long Blades    | 1 |  1.2
Axes           | 1 |  1.2
Maces & Flails | 1 |  1.2
Polearms       | 1 |  1.2
Staves         | 1 |  1.2
Slings         | 1 |  1.2
Bows           | 1 |  1.2
Crossbows      | 1 |  1.2
Throwing       | 1 |  1.2
Dodging        | 1 |  1.2
Stealth        | 1 |  1.2
Unarmed Combat | 1 |  1.2
Spellcasting   | 1 |  1.2
Evocations     | 1 |  1.2
Conjurations   | 1 |  1.0
Hexes          | 1 |  1.0
Summonings     | 1 |  1.0
Necromancy     | 1 |  1.0
Translocations | 1 |  1.0
Transmutations | 1 |  1.0
Fire Magic     | 1 |  1.0
Ice Magic      | 1 |  1.0
Air Magic      | 1 |  1.0
Earth Magic    | 1 |  1.0
Poison Magic   | 1 |  1.0
Fighting       | |  6.6
Short Blades   | |  4.7
Armour         | |  6.6
Shields        | |  6.6

Action                   |  1- 3 |  4- 6 || total
-------------------------+-------+-------++-------
Melee: Rapier            |   103 |    31 ||   134
       Bite              |    13 |     3 ||    16
       War axe           |       |    26 ||    26
Armor: Scale mail        |    35 |    24 ||    59
Dodge: Dodged            |    30 |    11 ||    41
Block: Buckler           |    11 |    13 ||    24
